 Dungeon Crawl Stone Soup version 0.28-a0-909-g796cbd3a86 (webtiles) character file.

Game seed: 7770372896556789692

9 BinkBink the Skirmisher (level 2, 0/24 HPs)
             Began as a Demonspawn Monk on Nov 24, 2021.
             Succumbed to a kobold's poison
             ... on level 1 of the Dungeon.
             The game lasted 00:00:48 (194 turns).

BinkBink the Skirmisher (Demonspawn Monk)            Turns: 194, Time: 00:00:49

Health: 0/24       AC:  2    Str: 11    XL:     2   Next: 3%
Magic:  2/2        EV: 13    Int: 11    God:
Gold:   0          SH:  0    Dex: 15    Spells: 1/1 levels left

rFire   . . .      SeeInvis .   c - +2 dagger (venom)
rCold   . . .      Faith    .   (no shield)
rNeg    . . .      Spirit   .   b - +0 robe
rPois   .          Reflect  .   (no helmet)
rElec   .          Harm     .   (no cloak)
rCorr   .          Rampage  .   (no gloves)
Will    .....                   (no boots)
Stlth   ++........              (no amulet)
HPRegen 0.08/turn               (no ring)
MPRegen 0.08/turn               (no ring)

@: lethally poisoned (0 -> -1)
A: hooves 1
a: no special abilities


You were on level 1 of the Dungeon.
You visited 1 branch of the dungeon, and saw 1 of its levels.

Inventory:

Hand Weapons
 a - a +0 spear
 c - a +2 dagger of venom (weapon)
Armour
 b - a +0 robe (worn)


   Skills:
 + Level 3.2 Fighting
 + Level 2.9 Polearms
 + Level 2.9 Dodging
 - Level 1.7 Stealth


You had one spell level left.
You didn't know any spells.
Your spell library was empty.

Dungeon Overview and Level Annotations

Branches:
Dungeon (1/15)

Altars:

Shops:
D:1 :


Innate Abilities, Weirdness & Mutations

You have large cloven feet.


Message History

Your demonic ancestry asserts itself...
Your feet thicken and deform.
You hit the kobold but do no damage. Your kick misses the kobold.
The kobold barely misses you.
You hit the kobold but do no damage. You kick the kobold, but do no damage.
The kobold misses you.
You miss the kobold. Your kick misses the kobold.
The kobold hits you with a +2 dagger of venom.
You are poisoned.
You hit the kobold.
The kobold is moderately wounded.
You feel sick.
The kobold hits you with a +2 dagger of venom.
You are lethally poisoned!
You hit the kobold. You kick the kobold.
You kill the kobold!
You feel very sick.
You feel sick.
Things that are here:
a +2 dagger of venom; a frilled lizard corpse
c - a +2 dagger of venom
* * * LOW HITPOINT WARNING * * *
You feel sick.
Your +2 dagger of venom begins to drip with poison!
c - a +2 dagger of venom (weapon)
* * * LOW HITPOINT WARNING * * *
You feel sick.
There is a lethal amount of poison in your body!
You aren't carrying any potions.
* * * LOW HITPOINT WARNING * * *
You feel sick.
* * * LOW HITPOINT WARNING * * *
You feel sick.
* * * LOW HITPOINT WARNING * * *
You feel sick.
* * * LOW HITPOINT WARNING * * *
You feel sick.
* * * LOW HITPOINT WARNING * * *
You feel sick.
You die...

.#.# ##.# .#+### #..#
....># #.... #### .(...#
###..######...# .....#
#...........# .....####
#..........##. ........#
#.............
........###.............
.#........+.....@∩......
.####.(.###.........####
.# #...# #.........# .#
#...####.######## .#
#.....†..# .# ##.#######
.# #.# #.# #.#


There were no monsters in sight!

Vanquished Creatures
  An endoplasm (D:1)
  A giant cockroach (D:1)
  A hobgoblin (D:1)
  A ball python (D:1)
  A bat (D:1)
  2 frilled lizards (D:1)
  A goblin (D:1)
  A kobold (D:1)
  A rat (D:1)
10 creatures vanquished.

Notes
Turn   | Place    | Note
-------+----------+-------------------------------------------
     0 | D:1      | BinkBink the Demonspawn Monk began the quest for the Orb.
     0 | D:1      | Reached XP level 1. HP: 18/18 MP: 1/1
   167 | D:1      | Found Ariphech's Book Boutique.
   181 | D:1      | Discovered your monstrous ancestry.
   181 | D:1      | Gained mutation: You have large cloven feet. [demonic
                  | ancestry]
   181 | D:1      | Reached XP level 2. HP: 19/24 MP: 2/2
   193 | D:1      | HP: 1/24 [poisoned by a kobold]
   194 | D:1      | Succumbed to a kobold's poison

Illustrated notes

Levels and vault maps discovered:
D:1:      dpeg_arrival_arbitrary_b, layout_basic, shapermc_ecumenical_altar_gd,
          serial_shops, shop

Action                   || total
-------------------------++-------
Melee: Spear             ||    32
       Kick              ||     2
  Use: Potion            ||     1
Armor: Robe              ||     5
Dodge: Dodged            ||    14

Table legend: (Time is in decaauts)
 A = Elapsed time spent in this place.
 B = Non-inter-level travel time spent in this place.
 C = Inter-level travel time spent in this place.
 D = Time resting spent in this place.
 E = Time spent auto-exploring this place.
 F = Levels seen in this place.
 G = Mean time per level.
                   A        B        C        D        E       F      G
               +--------+--------+--------+--------+--------+-----+--------+
         Total |    192 |    192 |      0 |      0 |    130 |   1 |  192.0 |
       Dungeon |    192 |    192 |      0 |      0 |    130 |   1 |  192.0 |
               +--------+--------+--------+--------+--------+-----+--------+

Top non-repeatable levels by time:
     D:1: 192 daAuts
